 Dungeon Crawl Stone Soup version 0.31-a0-271-gb88eb75e06 (webtiles) character file.

Game seed: 8665656902780839966

219 LeprechaunX the Changeling (level 5, 0/36 HPs)
             Began as an Octopode Shapeshifter on July 14, 2023.
             Slain by an adder (4 damage)
             ... on level 3 of the Dungeon.
             The game lasted 00:04:08 (2142 turns).

LeprechaunX the Changeling (Octopode Shapeshifter)  Turns: 2142, Time: 00:04:08

Health: 0/36       AC:  1    Str: 15    XL:     5   Next: 96%
Magic:  14/14      EV: 14    Int: 10    God:
Gold:   174        SH:  0    Dex: 14    Spells: 4/4 levels left

rFire   . . .        k - +1 whip (venom)
rCold   . . .        (no shield)
rNeg    . . .        (helmet currently unavailable)
rPois   .            (no amulet)
rElec   .            g - ring of magical power
rCorr   .            (no ring)
SInv    .            (no ring)
Will    .....        (no ring)
Stlth   ++           (no ring)
HPRegen 0.26/turn    (no ring)
MPRegen 0.14/turn    (no ring)
                     (no ring)

%: no passive effects
@: lethally poisoned (0 -> -4), beast-form
A: beast (slay +2), almost no armour, amphibious, 8 rings, camouflage 1,
gelatinous body 1, (nimble swimmer 1), tentacles
a: Begin Untransformation


You were on level 3 of the Dungeon.
You were a hulking beast.
You visited 1 branch of the dungeon, and saw 3 of its levels.

You collected 174 gold pieces.

Inventory:

Hand Weapons
 k - a +1 whip of venom (weapon)
Jewellery
 g - a ring of magical power (left tentacle)
Talismans
 b - a beast talisman
Scrolls
 c - 3 scrolls of identify {unknown}
 h - 3 scrolls of teleportation {unknown}
 i - a scroll of silence {unknown}
 j - a scroll of poison {unknown}
Potions
 d - 2 potions of degeneration {unknown}
 e - a potion of attraction {unknown}
 f - a potion of brilliance {unknown}


   Skills:
 + Level 2.9 Fighting
 + Level 2.9 Dodging
 * Level 3.7 Unarmed Combat
 * Level 4.1 Shapeshifting


You had 4 spell levels left.
You didn't know any spells.
Your spell library contained the following spells:

 Spells                   Type           Power      Damage    Failure   Level
 Foxfire                  Conj/Fire      0%         2x1d4     36%         1
 Plasma Beam              Fire/Air       0%         2x1d10    100%        6
 Starburst                Conj/Fire      0%         6d3       100%        6


Dungeon Overview and Level Annotations

Branches:
Dungeon (3/15)

Altars:


Innate Abilities, Weirdness & Mutations

You are a hulking beast.
Your limbs bulge with bestial killing power. (Slay +2)
You cannot wear most types of armour.
You are amphibious.
You can wear up to eight rings at the same time.
Your skin changes colour to match your surroundings (Stealth+).
Your rubbery body absorbs attacks. (AC +1, EV +1)
((You are camouflaged when in or above water. (Stealth+)))
You have tentacles for arms and can constrict up to eight enemies at once.


Message History

The orc wizard hits you with a +0 dagger.
The orc wizard casts a spell at you. The puff of flame hits you.
The orc wizard hits you with a +0 dagger.
There is an open door here.
You bump into the rock wall.
You feel less confused. The adder closely misses you.
The orc wizard misses you. The adder bites you.
You are poisoned.
The adder poisons you!
You hit the orc wizard.
The orc wizard looks even sicker.
You grab the orc wizard.
The orc wizard is severely wounded.
You constrict the orc wizard.
You feel sick.
The orc wizard hits you with a +0 dagger.
The adder misses you.
You barely miss the adder. Your grab misses the adder.
You constrict the orc wizard.
You kill the orc wizard!
You feel sick. The adder completely misses you.
You closely miss the adder. Your grab misses the adder.
You feel sick. The adder misses you. The goblin completely misses you.
The adder bites you.
The goblin hits you with a +2 dagger of venom.
* * * LOW HITPOINT WARNING * * *
You are lethally poisoned!
You barely miss the goblin. Your grab misses the goblin.
* * * LOW HITPOINT WARNING * * *
You feel very sick. The adder bites you but does no damage.
The goblin misses you.
You hit the adder.
The adder is poisoned.
Your grab misses the adder.
The adder is moderately wounded.
* * * LOW HITPOINT WARNING * * *
You feel sick. The adder barely misses you. The goblin barely misses you.
The adder barely misses you.
You hit the adder.
The adder looks as sick as possible!
Your grab misses the adder.
The adder is severely wounded.
* * * LOW HITPOINT WARNING * * *
You feel sick. The adder bites you.
You die...

.. ...o(...
......#'##.....)
...............
...............#####
....................
.....................
....................
......Sg....# ..
#.....#h#...#.##
##.#.#.#....<'..#
....#..)....#..#
#......#.###
#........# #.)....†.#
#........# #........#
#..#.#...##


You could see an adder (extremely poisoned) and a goblin.

Vanquished Creatures
  2 orc wizards (D:3)
  Natasha (thrice) (D:2)
  A gnoll (D:1)
  2 adders (D:2)
  3 dart slugs
  2 orcs (D:3)
  5 ball pythons
  5 bats
  6 endoplasms
  4 giant cockroaches
  7 goblins
  4 hobgoblins
  2 quokkas
  4 frilled lizards
  9 kobolds
  2 rats
61 creatures vanquished.

Notes
Turn   | Place    | Note
-------+----------+-------------------------------------------
     0 | D:1      | LeprechaunX the Octopode Shapeshifter began the quest for
                  | the Orb.
     0 | D:1      | Reached XP level 1. HP: 14/14 MP: 1/1
   253 | D:1      | Reached XP level 2. HP: 13/19 MP: 2/2
   486 | D:1      | Reached XP level 3. HP: 13/24 MP: 3/3
   740 | D:1      | Found a faded altar of an unknown god.
  1159 | D:2      | Reached XP level 4. HP: 24/30 MP: 4/4
  1385 | D:2      | Noticed Natasha
  1396 | D:2      | Killed Natasha
  1425 | D:2      | Noticed Natasha
  1445 | D:2      | Killed Natasha
  1446 | D:2      | Reached XP level 5. HP: 4/35 MP: 5/5
  1503 | D:2      | Noticed Natasha
  1518 | D:2      | Killed Natasha
  2109 | D:3      | Reached skill level 4 in Shapeshifting
  2142 | D:3      | Slain by an adder

Illustrated notes

Levels and vault maps discovered:
D:1:      dpeg_arrival_tiny_k, layout_loops_corners,
          dreamdust_ecumenical_altar_grove, serial_glass, glass_columns_a,
          glass_columns_a
D:2:      layout_loops_cross, kennysheep_generic_room_4, uniq_natasha
D:3:      minmay_general_purpose_star, layout_basic,
          nicolae_overflow_hidden_temple, goddamned_bats

Skill      XL: |  1  2  3  4  5 |
---------------+----------------+-----
Unarmed Combat | 3 |  3.7
Shapeshifting  | 4 |  4.1
Fighting       | |  2.9
Dodging        | |  2.9

Action                     |  1- 3 |  4- 6 || total
---------------------------+-------+-------++-------
  Melee: Unarmed           |    54 |    16 ||    70
         Constrict         |    18 |    17 ||    35
         Tentacles         |    13 |     9 ||    22
         Whip              |       |    40 ||    40
    Use: Potion            |       |     1 ||     1
   Stab: Sleeping          |     5 |     5 ||    10
 Armour: Skin              |     6 |     3 ||     9
  Dodge: Dodged            |    31 |    35 ||    66

Table legend: (Time is in decaauts)
 A = Elapsed time spent in this place.
 B = Non-inter-level travel time spent in this place.
 C = Inter-level travel time spent in this place.
 D = Time resting spent in this place.
 E = Time spent auto-exploring this place.
 F = Levels seen in this place.
 G = Mean time per level.
                   A        B        C        D        E       F      G
               +--------+--------+--------+--------+--------+-----+--------+
         Total |   2141 |   2010 |    131 |    152 |   1464 |   3 |  713.7 |
       Dungeon |   2141 |   2010 |    131 |    152 |   1464 |   3 |  713.7 |
               +--------+--------+--------+--------+--------+-----+--------+

Top non-repeatable levels by time:
     D:1: 1052 daAuts
     D:2: 932 daAuts
     D:3: 156 daAuts
